 Dungeon Crawl Stone Soup version 0.30-a0-948-g4fa250aae5 (webtiles) character file.

Game seed: 11958921018954590126

4853 jlumianski the Cleaver (level 10, -8/79 HPs)
             Began as a Demonspawn Fighter on Mar 26, 2023.
             Was a Believer of Qazlal.
             Killed from afar by a steam dragon (20 damage)
             ... with a ball of steam
             ... on level 9 of the Dungeon.
             The game lasted 00:31:37 (8116 turns).

jlumianski the Cleaver (Demonspawn Fighter)         Turns: 8116, Time: 00:31:37

Health: -8/79      AC: 13    Str: 20    XL:     10   Next: 25%
Magic:  15/15      EV:  6    Int: 13    God:    Qazlal [**....]
Gold:   562        SH: 14    Dex: 19    Spells: 9/9 levels left

rFire   . . .      SeeInvis .    r - +6 war axe of Mitel {drain, Int+3}
rCold   . . .      Faith    .    c - +0 buckler
rNeg    + . .      Spirit   .    v - +0 plate armour
rPois   .          Reflect  +    (helmet restricted)
rElec   .          Rampage  .    (no cloak)
rCorr   .                        (no gloves)
Will    .....                    (no boots) Stlth
                                 l - amulet of reflection
HPRegen 0.33/turn                k - +6 ring of dexterity
MPRegen 0.14/turn                p - ring of positive energy

@: no status effects
A: antennae 1, rugged brown scales 1, foul stench 2
a: Renounce Religion, Upheaval


You were on level 9 of the Dungeon.
You worshipped Qazlal.
Qazlal was pleased with you.
You visited 2 branches of the dungeon, and saw 11 of its levels.

You collected 562 gold pieces.

Inventory:

Hand Weapons
 a - a +1 war axe
 r - the +6 war axe of Mitel (weapon) {drain, Int+3}
   (You found it on level 3 of the Dungeon)

   Int:       It affects your intelligence (+3).
 w - a +1 trident
 A - the +6 shillelagh "Devastator" {shatter}
   (You found it on level 4 of the Dungeon)
 F - a +0 spear of flaming
 M - a +6 morningstar
Missiles
 f - 33 stones
 h - 11 poisoned darts (quivered)
 i - 5 atropa-tipped darts
 L - 2 javelins
Armour
 b - a +0 scale mail
 c - a +0 buckler (worn)
 n - a +0 chain mail
 v - a +0 plate armour (worn)
 N - +0 acid dragon scales
Jewellery
 k - a +6 ring of dexterity (left hand)
 l - an amulet of reflection (around neck)
 p - a ring of positive energy (right hand)
 O - an amulet of guardian spirit
Wands
 G - a wand of acid (6)
Scrolls
 e - a scroll of fog
 j - a scroll of enchant armour {unknown}
 m - 3 scrolls of amnesia
 q - a scroll of immolation
 s - a scroll of magic mapping
 u - a scroll of noise
 y - 2 scrolls of vulnerability
 z - 2 scrolls of poison
 C - 2 scrolls of teleportation
 D - a scroll of enchant weapon
 H - a scroll of silence
 K - 2 scrolls of blinking
Potions
 d - 4 potions of might
 g - 3 potions of flight
 o - a potion of heal wounds
 t - a potion of brilliance
 x - a potion of degeneration
 B - a potion of mutation
 E - 4 potions of curing
 I - 3 potions of berserk rage
 J - a potion of attraction


   Skills:
 * Level 6.8 Fighting
 + Level 8.3 Axes
 + Level 0.6 Throwing
 + Level 6.0 Armour
 + Level 0.8 Dodging
 - Level 0.4 Stealth
 + Level 6.3 Shields
 * Level 7.7 Invocations


You had 9 spell levels left.
You didn't know any spells.
Your spell library contained the following spells:

 Spells                   Type           Power      Damage    Failure   Level
 Magic Dart               Conj           0%         1d3       100%        1
 Slow                     Hex            0%         N/A       100%        1
 Call Imp                 Summ           0%         N/A       100%        2
 Confusing Touch          Hex            0%         N/A       100%        3
 Mephitic Cloud           Conj/Pois/Air  0%         N/A       100%        3
 Vampiric Draining        Necr           0%         2d6       100%        3
 Vhi's Electric Charge    Tloc/Air       0%         N/A       100%        3
 Animate Armour           Summ/Erth      0%         N/A       100%        4
 Arcjolt                  Conj/Air       0%         1d10      100%        5
 Blade Hands              Tmut           0%         N/A       100%        5
 Iron Shot                Conj/Erth      0%         9d1       100%        6
 Maxwell's Capacitive Co  Air            0%         ∞         100%        8


Dungeon Overview and Level Annotations

Branches:
Dungeon (10/15)            Temple (1/1) D:4
   Lair: D:8-11         Orc: D:9-12

Altars:
Ashenzari
Cheibriados
Fedhas
Hepliaklqana
Makhleb
Nemelex Xobeh
Qazlal
Sif Muna
Trog
Uskayaw
Vehumet
Xom

Shops:
D:5 (   D:6 [


Innate Abilities, Weirdness & Mutations

You have a pair of small antennae on your head.
You are partially covered in rugged brown scales. (AC +1, +3% HP)
You sometimes emit foul miasma when damaged in melee.


Message History

Found a plate armour.
You see here a +0 plate armour.
As you open the door, it creaks loudly!
You hear an angry hiss.
An electric eel comes into view.
There is an open door here.
A steam dragon comes into view.
The electric eel shoots out a bolt of lightning at you!
The bolt of electricity hits you!
An electric eel comes into view.
The electric eel shoots out a bolt of lightning at you!
The bolt of electricity hits you!
The electric eel shoots out a bolt of lightning at you!
The bolt of electricity hits you!
A wolf comes into view.
A hound comes into view.
An electric eel comes into view.
The wolf howls!
The hound barks!
You slash the electric eel!
The electric eel is severely wounded.
You hear a shout!
A wolf comes into view.
The electric eel shoots out a bolt of lightning at you!
The bolt of electricity hits you!
The electric eel shoots out a bolt of lightning at you!
The bolt of electricity hits you!
You hit the electric eel. You drain the electric eel.
You kill the electric eel!
Qazlal accepts your kill.
The electric eel shoots out a bolt of lightning at you!
The bolt of electricity hits you.
A troll comes into view.
The electric eel shoots out a bolt of lightning at you!
The bolt of electricity hits you.
A hound comes into view.
The steam dragon breathes steam at you. The ball of steam hits you!
* * * LOW HITPOINT WARNING * * *
You hear a bark!
The steam dragon breathes steam at you. The ball of steam hits you!!
You die...

.##.......#.....#.....#.....#....
.##.......#.....#.....##....#....
.##########....##.....##....#....
.#........+....##.....##....#....
.#........#....##.....##....#....
.#...#)...#######...........#....
#...#<.........#[..........#....
#...[..........#........ #....
#.........###.§@........ #....
#.........###.§#.....##.
#########....§§#.....#
#....D.####### ...~~~≈~≈~.....
..~.~≈~≈≈S~..~. .~..~≈≈≈≈≈≈~~..
.~~~≈≈≈≈≈≈≈≈~.~ ..~≈≈≈≈≈hh≈~~S~


There were no monsters in sight!

Vanquished Creatures
  A two-headed ogre (D:7)
  A troll (D:8)
  An acid dragon (D:9)
  2 water moccasins
  2 ice beasts
  A sky beast (D:7)
  2 black bears
  4 ogres
  2 centaurs
  A phantom (D:4)
  A gnoll sergeant (D:7)
  2 scorpions
  14 wights
  19 killer bees
  An electric eel (D:9)
  2 howler monkeys
  A gnoll bouda (D:6)
  4 hounds
  A jelly (D:5)
  3 orc priests
  An iguana (D:5)
  13 orc wizards
  9 gnolls
  9 adders
  A white imp (D:6)
  5 worms
  4 dart slugs
  30 orcs
  4 endoplasms
  A giant cockroach (D:4)
  4 goblins
  5 hobgoblins
  4 jackals (D:3)
  2 quokkas
  4 ball pythons
  4 bats
  4 frilled lizards
  6 kobolds
  3 rats
178 creatures vanquished.

Vanquished Creatures (others)
  2 plants (D:2)
2 creatures vanquished.

Grand Total: 180 creatures vanquished

Notes
Turn   | Place    | Note
-------+----------+-------------------------------------------
     0 | D:1      | jlumianski the Demonspawn Fighter began the quest for the
                  | Orb.
     0 | D:1      | Reached XP level 1. HP: 18/18 MP: 1/1
   187 | D:1      | Gained mutation: You may rarely emit foul miasma when
                  | damaged in melee. [demonic ancestry]
   187 | D:1      | Reached XP level 2. HP: 20/24 MP: 2/2
   815 | D:2      | Reached skill level 2 in Axes
  1062 | D:2      | Reached XP level 3. HP: 29/29 MP: 3/3
  1591 | D:2      | Found a faded altar of an unknown god.
  1742 | D:3      | Reached skill level 3 in Axes
  1742 | D:3      | Reached XP level 4. HP: 35/35 MP: 4/4
  1765 | D:3      | Identified the +6 war axe of Mitel {drain, Int+3}
  2054 | D:3      | Gained mutation: You have a pair of small antennae on your
                  | head. [demonic ancestry]
  2054 | D:3      | Reached XP level 5. HP: 34/41 MP: 5/5
  2359 | D:4      | Found a hazy altar of Hepliaklqana.
  2440 | D:4      | Found a sparkling altar of Nemelex Xobeh.
  2510 | D:4      | Reached skill level 4 in Axes
  2710 | D:5      | Entered Level 5 of the Dungeon
  2732 | D:4      | Found the +6 shillelagh "Devastator" {shatter}
  2741 | D:4      | Gained mutation: You are partially covered in rugged brown
                  | scales. (AC +1, +3% HP) [demonic ancestry]
  2741 | D:4      | Reached XP level 6. HP: 40/48 MP: 6/6
  2888 | D:4      | Found a staircase to the Ecumenical Temple.
  2931 | Temple   | Entered the Ecumenical Temple
  3048 | Temple   | Became a worshipper of Qazlal Stormbringer
  3555 | D:3      | Found a snail-covered altar of Cheibriados.
  3619 | D:5      | Found Zas Bun's Antique Weapon Shoppe.
  3764 | D:5      | Reached skill level 1 in Invocations
  3769 | D:5      | You fall into a shaft and drop 2 floors!
  3785 | D:7      | Noticed a two-headed ogre
  3802 | D:7      | Reached XP level 7. HP: 27/55 MP: 6/8
  3805 | D:7      | Killed a two-headed ogre
  3806 | D:7      | Reached skill level 5 in Axes
  3806 | D:7      | Reached XP level 8. HP: 16/62 MP: 6/10
  3809 | D:7      | Reached skill level 6 in Axes
  3814 | D:7      | Reached skill level 5 in Fighting
  4266 | D:6      | Reached * piety under Qazlal
  4417 | D:6      | Found Uhidiav's Antique Armour Shoppe.
  4714 | D:5      | Reached skill level 5 in Armour
  4748 | D:5      | Reached skill level 7 in Axes
  4751 | D:5      | Reached skill level 5 in Invocations
  4839 | D:5      | Gained mutation: You sometimes emit foul miasma when
                  | damaged in melee. [demonic ancestry]
  4839 | D:5      | Reached XP level 9. HP: 69/70 MP: 12/12
  5306 | D:5      | Reached skill level 5 in Shields
  6663 | D:8      | Found a bloodstained altar of Trog.
  6887 | D:9      | Upgraded the game from 0.30-a0-939-gc8157cb160 to
                  | 0.30-a0-948-g4fa250aae5
  6963 | D:8      | Noticed a troll
  6972 | D:8      | Killed a troll
  7366 | D:7      | Found a burning altar of Makhleb.
  7425 | D:7      | Reached XP level 10. HP: 76/79 MP: 15/15
  7425 | D:7      | Reached ** piety under Qazlal
  7426 | D:7      | Reached skill level 8 in Axes
  7635 | D:9      | Found a broken altar of Ashenzari.
  7847 | D:10     | Entered Level 10 of the Dungeon
  8116 | D:9      | Killed from afar by a steam dragon

Illustrated notes

Levels and vault maps discovered:
D:1:      scummos_arrival_hexagon, layout_loops_ring
D:2:      layout_basic, chequers_ecumenical_altar_lobes, basic_altar,
          minmay_pentomino_u4
D:3:      layout_loops_ring, cheibriados_altar_1,
          hangedman_abyss_or_decor_stabs, hex_tiny
D:4:      layout_cave_pods, mainiacjoe_overflow_24_doors,
          nemelex_diamond_rough_becter, minmay_temple_entry_grid, st_stairs_6
D:5:      layout_basic, serial_shops, nicolae_stop_n_shop_2,
          kennysheep_generic_room_3
D:6:      layout_basic, serial_shops, shop_fountains
D:7:      layout_rooms, makhleb_blood_cavern_becter
D:8:      layout_rooms, yredelemnul_forgotten_temple_becter, lemuel_round_altar,
          trog_ov_bears_minmay, nicolae_hexahallways
D:9:      layout_stronghold, ashenzari_conservatory_becter, erik_lair_island,
          nicolae_wwwww
D:10:     layout_long_grid, okawaru_ov_weapons_minmay, nicolae_good_shop
Temple:   nicolae_temple_figure_eight

Skill      XL: |  1  2  3  4  5  6  7  8  9 10 |
---------------+-------------------------------+-----
Armour         | 3 4 5 6 |  6.0
Axes           | 2 3 4 5 7 8 |  8.3
Shields        | 3 4 6 |  6.3
Invocations    | 1 3 5 7 |  7.7
Fighting       | 4 5 6 |  6.8
Throwing       | |  0.6
Dodging        | |  0.8
Stealth        | |  0.4

Action                     |  1- 3 |  4- 6 |  7- 9 | 10-12 || total
---------------------------+-------+-------+-------+-------++-------
  Melee: War axe           |    90 |    83 |   197 |    55 ||   425
  Throw: Stone             |     4 |     1 |       |       ||     5
         Dart              |       |     5 |     5 |       ||    10
         Javelin           |       |       |     4 |       ||     4
    Use: Potion            |       |     4 |     2 |       ||     6
         Scroll            |       |     7 |    10 |       ||    17
 Armour: Scale mail        |    26 |       |       |       ||    26
         Chain mail        |     8 |    10 |       |       ||    18
         Plate armour      |       |    27 |   117 |    22 ||   166
  Dodge: Dodged            |    35 |    15 |    51 |    17 ||   118
  Block: Buckler           |    35 |    35 |   161 |    57 ||   288
         Reflection        |       |     1 |     5 |       ||     6

Table legend: (Time is in decaauts)
 A = Elapsed time spent in this place.
 B = Non-inter-level travel time spent in this place.
 C = Inter-level travel time spent in this place.
 D = Time resting spent in this place.
 E = Time spent auto-exploring this place.
 F = Levels seen in this place.
 G = Mean time per level.
                   A        B        C        D        E       F      G
               +--------+--------+--------+--------+--------+-----+--------+
         Total |   8278 |   8106 |    172 |    800 |   4684 |  11 |  752.5 |
       Dungeon |   8124 |   7952 |    172 |    800 |   4578 |  10 |  812.4 |
        Temple |    153 |    153 |      0 |      0 |    106 |   1 |  153.0 |
               +--------+--------+--------+--------+--------+-----+--------+

Top non-repeatable levels by time:
     D:6: 1319 daAuts
     D:4: 1100 daAuts
     D:5: 949 daAuts
     D:7: 946 daAuts
     D:2: 882 daAuts
     D:3: 880 daAuts
     D:8: 775 daAuts
     D:1: 749 daAuts
     D:9: 499 daAuts
  Temple: 153 daAuts
    D:10: 19 daAuts
